[Event "Team 45 45 League T62"]
[Site "Internet Chess Club"]
[Date "2014.09.05"]
[Round "2"]
[White "charles-allen"]
[Black "PoisonPawn"]
[Result "0-1"]
[WhiteElo "1873"]
[BlackElo "2116"]
[Opening "Four knights: Scotch, 4...exd4"]
[ECO "C47"]
[Time "19:10:58"]
[TimeControl "2700+45"]

1. e4 e5 2. Nc3 Nc6 3. Nf3 Nf6 4. d4 exd4 5. Nxd4 Bb4 6. Nxc6 bxc6 7. Bd3 d5 8.
exd5 cxd5 9. O-O O-O 10. Bg5 c6 11. Qf3 Be7 12. h3 h6 13. Bf4 Bd6 14. Rfe1 Rb8
15. b3 Bxf4 16. Qxf4 Be6 17. Na4 Qa5 18. Qd4 Rb4 19. Qc5 Rxa4 {White resigns}
0-1

[Event "Team 45 45 League T62"]
[Site "Internet Chess Club"]
[Date "2014.09.07"]
[Round "2"]
[White "zap2"]
[Black "Baseta"]
[Result "0-1"]
[WhiteElo "1799"]
[BlackElo "1833"]
[Opening "English: New York (London) defensive system"]
[ECO "A12"]
[Time "10:06:45"]
[TimeControl "2700+45"]

1. Nf3 d5 2. c4 c6 3. b3 Bf5 4. Bb2 Nf6 5. d3 Nbd7 6. g3 e6 7. Bg2 Bd6 8. Nbd2
h6 9. O-O O-O 10. e4 dxe4 11. dxe4 Bxe4 12. Nxe4 Nxe4 13. Nh4 Ndf6 14. Qc2 Nc5
15. Rad1 Qe7 16. Bxf6 gxf6 17. Qd2 Rfd8 18. Qxh6 Be5 19. b4 Nd7 20. Be4 f5 21.
Nxf5 exf5 22. Bxf5 Nf8 23. Rde1 Qf6 24. Qh5 Bd4 25. Re4 Ng6 26. Rg4 Kg7 27. Rg5
Bc3 28. h4 Bd2 29. f4 Bxb4 30. Qg4 Qd4+ 31. Kh1 Be7 32. h5 Bxg5 33. Qxg5 Rh8 34.
Kg2 Qxc4 35. Bxg6 Qxa2+ 36. Rf2 f6 37. Qg4 Qa5 38. Re2 Qc5 39. Qd7+ Kh6 40. Qf7
Qd5+ 41. Qxd5 cxd5 42. Re7 a5 43. g4 a4 44. Kg3 a3 45. Kh4 Ra4 46. Bb1 Rxf4 47.
Rxb7 Ra4 48. Ba2 Rg8 49. Bxd5 Rgxg4+ 50. Kh3 Rh4+ 51. Kg3 Rxh5 52. Ba2 Rc5 53.
Rb3 Rc2 54. Bb1 Rb2 55. Rxb2 axb2 56. Kf2 Ra1 57. Bc2 b1=Q 58. Bxb1 Rxb1 59. Kf3
Rb4 60. Kg3 Kg5 61. Kf3 Kh4 62. Kg2 Rb3 63. Kf2 Kh3 {White resigns} 0-1

[Event "Team 45 45 League T62"]
[Site "Internet Chess Club"]
[Date "2014.09.06"]
[Round "2"]
[White "frank001"]
[Black "Salvatore"]
[Result "0-1"]
[WhiteElo "1761"]
[BlackElo "1642"]
[Opening "Nimzo-Indian: Reshevsky variation"]
[ECO "E46"]
[Time "22:03:23"]
[TimeControl "2700+45"]

1. d4 Nf6 2. c4 e6 3. Nc3 Bb4 4. e3 O-O 5. Ne2 c5 6. a3 Ba5 7. dxc5 Bc7 8. b4 b6
9. cxb6 axb6 10. Bb2 Bb7 11. f3 Nh5 12. Qd4 Nc6 13. Qg4 Nf6 14. Qh4 Ne5 15. Nd4
Ng6 16. Qf2 d5 17. Rd1 Qb8 18. g3 Ne5 19. cxd5 Nxd5 20. Ne4 Kh8 21. Nb5 Ng6 22.
Nxc7 Qxc7 23. Bd3 f5 24. Ng5 Rae8 25. O-O h6 26. Nh3 e5 27. e4 fxe4 28. Bxe4
Nge7 29. Qd2 Nf6 30. Bb1 Rd8 31. Qe2 Nc6 32. Rc1 Qd7 33. Nf2 Nd4 34. Bxd4 exd4
35. Qd3 b5 36. Ng4 Ne4 37. Rce1 Ng5 38. Ne5 Qh3 39. Ng6+ Kg8 40. Nxf8 Rxf8 41.
Re7 Bxf3 42. Rf2 Qg4 43. Qg6 Nh3+ 44. Kf1 Qxg6 45. Bxg6 Nxf2 46. Ke1 Ng4 47. Kd2
Nxh2 48. Kd3 Rd8 49. Re5 Bc6 50. Rc5 Bb7 51. Rc7 Bd5 52. Bf5 Bc4+ 53. Kd2 Nf3+
54. Kd1 d3 55. a4 Nd4 56. Kd2 Nxf5 57. axb5 Bxb5 58. Rc5 Nxg3 59. Rxb5 Ne4+
{White resigns} 0-1

[Event "Team 45 45 League T62"]
[Site "Internet Chess Club"]
[Date "2014.09.08"]
[Round "2"]
[White "kutch"]
[Black "olivermx"]
[Result "1-0"]
[WhiteElo "1468"]
[BlackElo "1389"]
[Opening "QGD Slav defense"]
[ECO "D10"]
[Time "21:00:21"]
[TimeControl "2700+45"]

1. d4 d5 2. c4 c6 3. e3 Nf6 4. Nc3 e6 5. Bd3 c5 6. dxc5 Bxc5 7. cxd5 exd5 8. Nf3
Nc6 9. a3 O-O 10. O-O Re8 11. b4 Bb6 12. Bb2 Be6 13. Rc1 Bc7 14. Nb5 Bb6 15. h3
a6 16. Nbd4 Nxd4 17. Nxd4 Qd6 18. Qf3 Bc7 19. Rxc7 Qxc7 20. Rc1 Qd6 21. Ne2 Qe7
22. Qg3 Rac8 23. Rxc8 Rxc8 24. Qh4 d4 25. Bxd4 h6 26. Qg3 Bc4 27. Bxc4 Rxc4 28.
Nc3 Nh5 29. Qg4 Qg5 30. Qd7 b5 31. Kh2 Qg6 32. Nd5 Qc2 33. Ne7+ Kh7 34. Qe8 Rc8
35. Qxc8 Qxc8 36. Nxc8 g5 37. g4 Ng7 38. Bxg7 Kxg7 39. Nd6 Kg6 40. Ne4 f5 41.
Nc5 fxg4 42. hxg4 h5 43. gxh5+ Kxh5 44. Nxa6 Kg4 45. Kg2 Kf5 46. Nc7 Ke5 47.
Nxb5 Kd5 48. Kg3 Kc4 49. Kg4 Kd3 50. Kxg5 Ke2 51. e4 Kxf2 52. e5 Ke3 53. e6 Ke4
54. e7 Kd5 55. e8=Q Kc4 56. Nd6+ Kd4 57. Qe4+ Kc3 58. Qc4+ Kb2 59. Qd3 Ka1 60.
Qe2 Kb1 61. Nc4 Kc1 62. Qb2+ {Black resigns} 1-0

[Event "Team 45 45 League T62"]
[Site "Internet Chess Club"]
[Date "2014.09.04"]
[Round "2"]
[White "Andressa"]
[Black "seattleblues"]
[Result "1-0"]
[WhiteElo "1479"]
[BlackElo "1428"]
[Opening "Caro-Kann: exchange variation"]
[ECO "B13"]
[Time "21:05:19"]
[TimeControl "2700+45"]

1. e4 c6 2. d4 d5 3. exd5 cxd5 4. Nf3 Nf6 5. Nc3 Bg4 6. Be2 Nbd7 7. h3 Bh5 8.
O-O e6 9. Bf4 a6 10. a3 Be7 11. Ne5 Bxe2 12. Nxe2 O-O 13. Rc1 Nxe5 14. dxe5 Ne4
15. Qd3 Rc8 16. Ng3 Nc5 17. Qf3 Re8 18. b4 Na4 19. Nh5 Bf8 20. Qg3 Rc4 21. Nf6+
Kh8 22. Nxe8 Qxe8 23. c3 Qc8 24. Bd2 Nb6 25. f4 Rc7 26. Qe1 Nc4 27. a4 Be7 28.
Rc2 Qd8 29. f5 Rc6 30. a5 b6 31. axb6 Qxb6+ 32. Kh2 Nxe5 33. Be3 Qc7 34. Kg1
Bxb4 35. Qh4 Be7 36. f6 Bxf6 37. Rxf6 gxf6 38. Qxf6+ Kg8 39. Bh6 Nf3+ 40. gxf3
Qg3+ 41. Rg2 {Black resigns} 1-0

[Event "Team 45 45 League T62"]
[Site "Internet Chess Club"]
[Date "2014.09.06"]
[Round "2"]
[White "kidcobra"]
[Black "smyslovVchess"]
[Result "1-0"]
[WhiteElo "1822"]
[BlackElo "1757"]
[Opening "Philidor: Steinitz variation"]
[ECO "C41"]
[Time "19:02:37"]
[TimeControl "2700+45"]

1. e4 e5 2. Nf3 d6 3. Bc4 Be7 4. c3 Nf6 5. d3 O-O 6. O-O Nc6 7. Re1 Ne8 8. d4 g6
9. dxe5 Nxe5 10. Nxe5 dxe5 11. Bh6 Ng7 12. Nd2 Bg5 13. Bxg5 Qxg5 14. Nf3 Qf6 15.
Qd5 Re8 16. Rad1 Bg4 17. Be2 c6 18. Qb3 b6 19. Nxe5 Bxe2 20. Nd7 Qe7 21. Rxe2
Rad8 22. Red2 Nh5 23. f3 Qg5 24. Ne5 Qe3+ 25. Kh1 Ng3+ 26. hxg3 Qh6+ 27. Kg1
Qe3+ 28. Kf1 Rxd2 29. Qxf7+ Kh8 30. Qxe8+ Kg7 31. Qf7+ Kh6 32. Ng4+ {Black
resigns} 1-0

[Event "Team 45 45 League T62"]
[Site "Internet Chess Club"]
[Date "2014.09.05"]
[Round "2"]
[White "KidRattler"]
[Black "Jyzzslynggur"]
[Result "1/2-1/2"]
[WhiteElo "1482"]
[BlackElo "1732"]
[Opening "Benko's opening"]
[ECO "A00"]
[Time "18:04:55"]
[TimeControl "2700+45"]

1. g3 e6 2. Bg2 f5 3. Nf3 Nf6 4. d3 d5 5. Bf4 Be7 6. Nc3 O-O 7. Nb5 Ne8 8. O-O
c6 9. Nc3 Nd7 10. Ne5 g5 11. Nxd7 Bxd7 12. Bd2 e5 13. Nxd5 cxd5 14. Bxd5+ Kh8
15. Bc3 Qc7 16. d4 Nf6 17. dxe5 Nxd5 18. Qxd5 Bc6 19. e6+ Bf6 20. Bxf6+ Rxf6 21.
Qd2 Qg7 22. f4 g4 23. Qa5 Be4 24. Rad1 Rxe6 25. Rd8+ Rxd8 26. Qxd8+ Qg8 27. Qd4+
Qg7 28. Qd8+ Qg8 29. Qd4+ Qg7 30. Qd8+ {Game drawn by repetition} 1/2-1/2

[Event "Team 45 45 League T62"]
[Site "Internet Chess Club"]
[Date "2014.09.07"]
[Round "2"]
[White "BrianWood"]
[Black "chesskix"]
[Result "1/2-1/2"]
[WhiteElo "1488"]
[BlackElo "1444"]
[Opening "King's Indian: 6.Be2"]
[ECO "E91"]
[Time "18:00:26"]
[TimeControl "2700+45"]

1. d4 Nf6 2. c4 g6 3. Nc3 Bg7 4. Nf3 d6 5. e4 O-O 6. Be2 b6 7. O-O Nc6 8. h3 e5
9. d5 Ne7 10. Ne1 Nd7 11. Nd3 f5 12. f4 fxe4 13. Nxe4 Nf5 14. fxe5 Nxe5 15. Nxe5
Bxe5 {Game drawn by mutual agreement} 1/2-1/2

[Event "Team 45 45 League T62"]
[Site "Internet Chess Club"]
[Date "2014.09.06"]
[Round "2"]
[White "backrankbrawler"]
[Black "John3v16"]
[Result "0-1"]
[WhiteElo "1769"]
[BlackElo "1686"]
[Opening "Robatsch (modern) defense"]
[ECO "A40"]
[Time "06:02:06"]
[TimeControl "2700+45"]

1. d4 g6 2. e4 Bg7 3. Nf3 d6 4. c4 c5 5. Nc3 cxd4 6. Nxd4 Nc6 7. Be3 Nf6 8. Qd2
Ng4 9. Nxc6 bxc6 10. Bg5 O-O 11. f3 Ne5 12. Bh6 Ba6 13. Bxg7 Kxg7 14. f4 Nd7 15.
Be2 Qb6 16. Na4 Qb7 17. O-O-O Nb6 18. Nc3 f6 19. b3 Rab8 20. h4 h6 21. f5 g5 22.
hxg5 hxg5 23. Bh5 Nd7 24. Bg6 Rh8 25. Ne2 Bxc4 26. Nd4 Bf7 27. Bxf7 Kxf7 28. Qc3
c5 29. Qc4+ d5 30. exd5 Ne5 31. Qe2 cxd4 32. Rxh8 Rxh8 33. Rxd4 Qc7+ 34. Kb2 Rh1
35. Qd2 Rh2 36. d6 exd6 37. Rxd6 Rxg2 38. Rxf6+ Kxf6 39. Qxg2 {White resigns}
0-1

[Event "Team 45 45 League T62"]
[Site "Internet Chess Club"]
[Date "2014.09.04"]
[Round "2"]
[White "RD1974"]
[Black "amicusUK"]
[Result "0-1"]
[WhiteElo "1660"]
[BlackElo "1652"]
[Opening "Réti: King's Indian attack, French variation"]
[ECO "C00"]
[Time "11:00:49"]
[TimeControl "2700+45"]

1. e4 e6 2. d3 c5 3. Nf3 Nf6 4. g3 Be7 5. Bg2 Nc6 6. Nbd2 O-O 7. O-O d5 8. Re1
b5 9. c3 a5 10. e5 Ne8 11. c4 bxc4 12. dxc4 d4 13. Nxd4 Qxd4 14. Bxc6 Rb8 15.
Qf3 Ba6 16. Re4 Qd8 17. Re3 Qc7 18. Ne4 Qxe5 19. Bd2 Qc7 20. Bc3 f5 21. Nxc5
Bxc5 22. Rxe6 Bxc4 23. Be5 Qf7 24. Bd5 Bxd5 25. Qxd5 Rb6 26. Qxc5 Qxe6 27. Qxa5
Qc6 28. a3 Rb5 29. Qe1 Nf6 30. Bf4 Rxb2 31. Rc1 Rc2 32. Rd1 Qe4 33. Qa5 Rfc8 34.
Qb5 Qe2 35. Qb3+ Kh8 36. Rf1 Ng4 37. Qb6 Nf6 38. Be3 Re8 39. Bd4 Qe6 40. Qb1 Re2
41. Be3 Nd5 42. Qd3 Nxe3 43. Qxe2 Nxf1 44. Qxf1 Qe1 {White resigns} 0-1

[Event "Team 45 45 League T62"]
[Site "Internet Chess Club"]
[Date "2014.09.05"]
[Round "2"]
[White "losscause"]
[Black "noblitz-oblige"]
[Result "1/2-1/2"]
[WhiteElo "1623"]
[BlackElo "1647"]
[Opening "Queen's pawn game"]
[ECO "A45"]
[Time "23:02:40"]
[TimeControl "2700+45"]

1. d4 Nf6 2. Nc3 e6 3. Bg5 Be7 4. Nf3 O-O 5. e3 d6 6. Bd3 Nc6 7. a3 a6 8. O-O b6
9. e4 Nd7 10. Bxe7 Nxe7 11. Re1 Bb7 12. Nd2 c5 13. Ne2 d5 14. exd5 exd5 15. dxc5
bxc5 16. c3 Ne5 17. Bc2 N7g6 18. Ng3 Rb8 19. Bxg6 Nxg6 20. Nf3 Qf6 21. Qd2 d4
22. Ne4 Qc6 23. cxd4 Rbd8 24. Rac1 c4 25. Rc3 Rfe8 26. Rce3 Nf4 27. Nf6+ gxf6
28. Rxe8+ Rxe8 {Game drawn by mutual agreement} 1/2-1/2

[Event "Team 45 45 League T62"]
[Site "Internet Chess Club"]
[Date "2014.09.09"]
[Round "2"]
[White "Pierrekurdy"]
[Black "stanbeers"]
[Result "1-0"]
[WhiteElo "1616"]
[BlackElo "1506"]
[Opening "French: advance variation"]
[ECO "C02"]
[Time "13:00:19"]
[TimeControl "2700+45"]

1. e4 e6 2. d4 d5 3. e5 c5 4. c3 Be7 5. Nf3 Nc6 6. Be3 h6 7. Bd3 cxd4 8. cxd4
Bb4+ 9. Nc3 Nge7 10. a3 Ba5 11. b4 Nxb4 12. axb4 Bxb4 13. Qa4+ Nc6 14. Bd2 Bxc3
15. Bxc3 O-O 16. O-O a6 17. Qc2 Ne7 18. Nh4 Nc6 19. g3 b5 20. f4 Qb6 21. Qf2 Bd7
22. f5 b4 23. Rab1 a5 24. f6 g6 25. Nxg6 fxg6 26. Bxg6 Be8 27. f7+ Bxf7 28.
Bxf7+ Kh7 29. Qc2+ Kh8 30. Qg6 Rxf7 31. Rxf7 Qa7 32. Qh7# {Black checkmated} 1-0

[Event "Team 45 45 League T62"]
[Site "Internet Chess Club"]
[Date "2014.09.06"]
[Round "2"]
[White "anna"]
[Black "KnightOfLight"]
[Result "0-1"]
[WhiteElo "1798"]
[BlackElo "1671"]
[Opening "French defense"]
[ECO "C01"]
[Time "08:12:02"]
[TimeControl "2700+45"]

1. e4 e6 2. d4 b6 3. Nf3 Bb7 4. Bd3 d5 5. e5 Nd7 6. O-O c5 7. c3 Qc7 8. Be3 Ne7
9. Nbd2 c4 10. Bc2 b5 11. a4 bxa4 12. Bxa4 Bc6 13. Qc2 Nb6 14. Bxc6+ Nxc6 15.
Rfc1 a5 16. Nb1 a4 17. Na3 Na5 18. Nd2 Nb3 19. Nxb3 axb3 20. Qd2 Bxa3 21. Rxa3
Rxa3 22. bxa3 O-O 23. Qe2 Ra8 24. Ra1 Na4 25. Bd2 b2 26. Rb1 Qe7 27. Qd1 Qxa3
{White resigns} 0-1

[Event "Team 45 45 League T62"]
[Site "Internet Chess Club"]
[Date "2014.09.06"]
[Round "2"]
[White "Betamax"]
[Black "sanjay2000"]
[Result "1-0"]
[WhiteElo "1591"]
[BlackElo "1443"]
[Opening "Four knights: double Ruy Lopez"]
[ECO "C49"]
[Time "12:31:08"]
[TimeControl "2700+45"]

1. e4 e5 2. Nf3 Nc6 3. Bb5 Nf6 4. Nc3 Bb4 5. d3 d6 6. h3 Be6 7. O-O Qd7 8. a3
Bxc3 9. bxc3 a6 10. Bxc6 Qxc6 11. Bd2 O-O 12. Re1 h6 13. Qc1 Nd7 14. Bxh6 gxh6
15. Qxh6 Rfe8 16. Re3 Qxc3 17. Nh4 Qxa1+ 18. Kh2 f6 19. Rg3+ Kf7 20. Qg7# {Black
checkmated} 1-0

[Event "Team 45 45 League T62"]
[Site "Internet Chess Club"]
[Date "2014.09.06"]
[Round "2"]
[White "tornado100"]
[Black "moto"]
[Result "1/2-1/2"]
[WhiteElo "1579"]
[BlackElo "1451"]
[Opening "French: exchange variation"]
[ECO "C01"]
[Time "16:30:20"]
[TimeControl "2700+45"]

1. e4 e6 2. d4 d5 3. exd5 exd5 4. Bf4 Nc6 5. c3 Bd6 6. Bxd6 Qxd6 7. Bd3 Nf6 8.
Nd2 O-O 9. Ne2 Bg4 10. O-O Bxe2 11. Qxe2 Rfe8 12. Qd1 Re6 13. Qc2 Rae8 14. Nf3
h6 15. b4 Ne4 16. b5 Nd8 17. Rfe1 Ng5 18. Rxe6 Nxf3+ 19. gxf3 Nxe6 20. Re1 Kf8
21. a4 Nf4 22. Rxe8+ Kxe8 23. Bf1 Qg6+ 24. Qxg6 fxg6 25. h4 Ne6 26. Kh2 g5 27.
Bh3 Nf4 28. hxg5 hxg5 29. Bf1 Ke7 30. Kg3 Ke6 31. Kg4 Kf6 32. a5 b6 33. a6 g6
34. c4 Ne6 35. cxd5 Nxd4 36. f4 gxf4 37. Kxf4 g5+ 38. Ke4 Nf5 39. Bd3 Nd6+ 40.
Kd4 g4 41. Be2 Kf5 42. Ke3 Ke5 43. Bxg4 Nxb5 44. Be6 c5 45. f4+ Kd6 46. f5 Ke5
47. Kd3 Na3 48. Kc3 Nb5+ 49. Kc4 Nd6+ 50. Kc3 b5 51. Kb3 c4+ 52. Kb4 Nxf5 53.
Bxf5 Kxf5 54. Kxb5 c3 55. d6 Ke6 56. Kb4 c2 57. d7 Kxd7 58. Kb5 {Game drawn by
mutual agreement} 1/2-1/2

[Event "Team 45 45 League T62"]
[Site "Internet Chess Club"]
[Date "2014.09.07"]
[Round "2"]
[White "arconia"]
[Black "bluesun"]
[Result "1-0"]
[WhiteElo "1294"]
[BlackElo "1468"]
[Opening "Ponziani: Jaenisch counter-attack"]
[ECO "C44"]
[Time "16:52:04"]
[TimeControl "2700+45"]

1. e4 e5 2. Nf3 Nc6 3. c3 Nf6 4. Qc2 Bc5 5. b4 Bf8 6. Bb2 d6 7. h3 a6 8. Be2 Be6
9. O-O d5 10. exd5 Bxd5 11. Nh2 h5 12. d4 Bd6 13. Nd2 g5 14. c4 Be6 15. d5 g4
16. dxe6 gxh3 17. g3 Rg8 18. Ne4 Nxe4 19. Qxe4 Qg5 20. Nf3 Qh6 21. exf7+ Kxf7
22. Qf5+ Ke7 23. c5 Raf8 24. cxd6+ cxd6 25. Qxh3 e4 26. Nh4 Ne5 27. Nf5+ Rxf5
28. Qxf5 h4 29. Bc1 Qg7 30. Bf4 e3 31. Rac1 exf2+ 32. Rxf2 hxg3 33. Rc7+ Ke8 34.
Qc8# {Black checkmated} 1-0

[Event "Team 45 45 League T62"]
[Site "Internet Chess Club"]
[Date "2014.09.06"]
[Round "2"]
[White "TerryMalloy"]
[Black "cyborg86"]
[Result "1-0"]
[WhiteElo "2007"]
[BlackElo "1918"]
[Opening "French: Tarrasch, closed variation, main line"]
[ECO "C06"]
[Time "15:30:30"]
[TimeControl "2700+45"]

1. d4 e6 2. e4 d5 3. Nd2 Nf6 4. e5 Nfd7 5. Bd3 c5 6. c3 Nc6 7. Ne2 cxd4 8. cxd4
f6 9. Nf4 Nxd4 10. Qh5+ Ke7 11. exf6+ Nxf6 12. Ng6+ hxg6 13. Qxh8 Kf7 14. Qh4 e5
15. Nf3 Nxf3+ 16. gxf3 Bf5 17. Bxf5 gxf5 18. Bg5 d4 19. Bxf6 Qxf6 20. Qxf6+ gxf6
21. Rc1 Bd6 22. Ke2 Rh8 23. h4 Ke6 24. h5 Kd5 25. h6 e4 26. h7 d3+ 27. Kd1 Be5
28. b3 Bf4 29. Rc3 Be5 30. Rc1 Bf4 31. Rc4 b5 32. fxe4+ fxe4 33. Rh5+ Bg5 34.
Rc7 Kd6 35. Rg7 Rc8 36. Rhxg5 {Black resigns} 1-0

[Event "Team 45 45 League T62"]
[Site "Internet Chess Club"]
[Date "2014.09.09"]
[Round "2"]
[White "junard"]
[Black "martineden"]
[Result "1-0"]
[WhiteElo "2036"]
[BlackElo "1885"]
[Opening "QGD semi-Slav"]
[ECO "D43"]
[Time "09:20:11"]
[TimeControl "2700+45"]

1. d4 d5 2. Nf3 Nf6 3. c4 c6 4. Nc3 e6 5. cxd5 exd5 6. Bg5 Be7 7. Qc2 g6 8. e3
Bf5 9. Bd3 Bxd3 10. Qxd3 Nbd7 11. O-O O-O 12. Rab1 a5 13. Qc2 Re8 14. a3 Nb6 15.
Nd2 Ng4 16. Bf4 f5 17. b4 axb4 18. axb4 Nc4 19. Nxc4 dxc4 20. b5 c5 21. dxc5
Bxc5 22. Na4 Bf8 23. Qxc4+ Kh8 24. Rfd1 Qf6 25. h3 Ne5 26. Qd4 Bg7 27. Nb6 Rad8
28. Qc5 Nd3 29. Qc7 Nxf4 30. exf4 Rxd1+ 31. Rxd1 Re7 32. Qc8+ Bf8 33. Nd7 Kg7
{Black resigns} 1-0

[Event "Team 45 45 League T62"]
[Site "Internet Chess Club"]
[Date "2014.09.05"]
[Round "2"]
[White "fledermaus"]
[Black "tamtu"]
[Result "1/2-1/2"]
[WhiteElo "1917"]
[BlackElo "2043"]
[Opening "QGD Slav: Dutch variation"]
[ECO "D18"]
[Time "06:35:51"]
[TimeControl "2700+45"]

1. d4 d5 2. c4 c6 3. Nf3 Nf6 4. Nc3 dxc4 5. a4 Bf5 6. e3 e6 7. Bxc4 Bb4 8. Ne5
Nbd7 9. Nxd7 Nxd7 10. O-O O-O 11. e4 Bg6 12. f3 Qc7 13. Qb3 a5 14. Be3 Rfe8 15.
Rac1 Rad8 16. g3 Nb6 17. Be2 Nd7 18. Rfd1 Qb8 19. Kg2 h6 20. Na2 Be7 21. Qc3 Qa8
22. Ra1 Bd6 23. Nc1 Bc7 24. Nd3 Bb6 25. Nc5 Bc7 26. Qb3 {Game drawn by mutual
agreement} 1/2-1/2

[Event "Team 45 45 League T62"]
[Site "Internet Chess Club"]
[Date "2014.09.06"]
[Round "2"]
[White "chess09"]
[Black "SaltofLife"]
[Result "0-1"]
[WhiteElo "1921"]
[BlackElo "1917"]
[Opening "Dutch defense"]
[ECO "A90"]
[Time "15:00:28"]
[TimeControl "2700+45"]

1. d4 e6 2. c4 f5 3. g3 Nf6 4. Bg2 c6 5. Nf3 d5 6. O-O Bd6 7. b3 Qe7 8. a4 O-O
9. Ba3 Bxa3 10. Nxa3 Nbd7 11. Nc2 b6 12. Nce1 a5 13. Nd3 Ba6 14. Qc2 Rac8 15.
cxd5 cxd5 16. Qb2 Rc7 17. Rac1 Rfc8 18. Rxc7 Rxc7 19. Rc1 Qd6 20. Nfe5 Bxd3 21.
Nxd3 Ne8 22. Rc3 Kf7 23. Qc1 Rxc3 24. Qxc3 Qc7 25. Qxc7 Nxc7 26. Kf1 Ke7 27. Ke1
Kd6 28. Kd2 Na6 29. Kc3 Nab8 30. h4 Nc6 31. f4 Nf6 32. Bf3 Ne4+ 33. Bxe4 fxe4
34. Ne5 Nxe5 35. fxe5+ Ke7 36. b4 Kf7 37. bxa5 bxa5 38. Kd2 Kg6 39. Ke1 Kf5 40.
Kf2 Kg4 41. Kg2 h5 42. Kh2 e3 43. Kg2 g6 44. Kh2 Kf5 45. Kg2 Ke4 46. g4 hxg4 47.
Kg3 Kxd4 48. Kxg4 Kxe5 49. Kg5 d4 50. Kxg6 d3 51. exd3 e2 52. h5 e1=Q 53. h6
Qg3+ 54. Kf7 Qf4+ 55. Kg7 Qg5+ 56. Kh7 Kd4 57. Kh8 Qxh6+ {White resigns} 0-1

[Event "Team 45 45 League T62"]
[Site "Internet Chess Club"]
[Date "2014.09.04"]
[Round "2"]
[White "NFork"]
[Black "alexfer"]
[Result "1-0"]
[WhiteElo "2166"]
[BlackElo "2005"]
[Opening "English: Wimpey system"]
[ECO "A01"]
[Time "06:17:35"]
[TimeControl "2700+45"]

1. b3 e6 2. Bb2 d5 3. Nf3 Nf6 4. e3 c5 5. c4 Be7 6. cxd5 exd5 7. Be2 Nc6 8. O-O
O-O 9. d4 Bf5 10. dxc5 Ne4 11. Nd4 Nxd4 12. exd4 Bf6 13. Nc3 Ng5 14. b4 Ne6 15.
Nb5 b6 16. Qd2 a5 17. a3 Ng5 18. f3 h5 19. Bd3 Bd7 20. Rfc1 Ne6 21. f4 Bxb5 22.
Bxb5 Qb8 23. Bc6 Ra7 24. g3 g5 25. Bxd5 bxc5 26. Bxe6 fxe6 27. fxg5 Bxd4+ 28.
Bxd4 cxd4 29. Qxd4 axb4 30. axb4 Rb7 31. Qe4 Rxb4 32. Qxe6+ Kh8 33. Qh6+ Kg8 34.
Ra6 {Black resigns} 1-0

[Event "Team 45 45 League T62"]
[Site "Internet Chess Club"]
[Date "2014.09.07"]
[Round "2"]
[White "Agarnez"]
[Black "SlimeDog2"]
[Result "0-1"]
[WhiteElo "1982"]
[BlackElo "2028"]
[Opening "Grünfeld: exchange variation"]
[ECO "D85"]
[Time "17:07:07"]
[TimeControl "2700+45"]

1. d4 Nf6 2. c4 g6 3. Nc3 d5 4. cxd5 Nxd5 5. Bd2 Bg7 6. e4 Nb6 7. Be3 O-O 8. h3
e5 9. dxe5 Bxe5 10. Nf3 Bg7 11. Qxd8 Rxd8 12. Nb5 Na6 13. Rb1 Be6 14. b3 c6 15.
Nxa7 Bc3+ 16. Ke2 Nc4 17. Rc1 Nxe3 18. Kxe3 Bg7 19. Bxa6 Rxa7 {White resigns}
0-1

[Event "Team 45 45 League T62"]
[Site "Internet Chess Club"]
[Date "2014.09.05"]
[Round "2"]
[White "Goli"]
[Black "zachi"]
[Result "1-0"]
[WhiteElo "1861"]
[BlackElo "1793"]
[Opening "Caro-Kann: Panov-Botvinnik attack"]
[ECO "B13"]
[Time "17:38:19"]
[TimeControl "2700+45"]

1. e4 c6 2. d4 d5 3. exd5 cxd5 4. c4 Nf6 5. Nc3 Nc6 6. Nf3 g6 7. h3 Bg7 8. Be2
dxc4 9. Bxc4 O-O 10. O-O a6 11. a3 b5 12. Ba2 e6 13. Be3 Ne7 14. Rc1 Bb7 15. Qe2
Nfd5 16. Nxd5 Nxd5 17. Bxd5 Bxd5 18. Rfd1 Rc8 19. Rxc8 Qxc8 20. Rc1 Qb7 21. Ne1
Rd8 22. Qg4 Be4 23. f3 Bd5 24. Nd3 Bc4 25. Nc5 Qd5 26. Nxa6 Bxd4 27. Qxd4 Qxd4
28. Bxd4 Rxd4 29. Nb4 Rd2 30. Rc2 Rxc2 31. Nxc2 e5 32. Ne3 Bd3 33. Ng4 Kg7 34.
Nxe5 Bc2 35. Nc6 Kf6 36. Kf2 Ke6 37. Nd4+ {Black resigns} 1-0

[Event "Team 45 45 League T62"]
[Site "Internet Chess Club"]
[Date "2014.09.07"]
[Round "2"]
[White "willhelm"]
[Black "jt2000"]
[Result "1-0"]
[WhiteElo "1911"]
[BlackElo "1975"]
[Opening "QGD: 4.Nf3"]
[ECO "D37"]
[Time "14:29:07"]
[TimeControl "2700+45"]

1. d4 d5 2. Nf3 Nf6 3. c4 e6 4. Nc3 Be7 5. Bg5 Nbd7 6. e3 a6 7. cxd5 exd5 8. Be2
c6 9. O-O Bd6 10. e4 dxe4 11. Nxe4 Be7 12. Nc3 O-O 13. Ne5 Nd5 14. Bxe7 Qxe7 15.
Nxd5 cxd5 16. Nxd7 Bxd7 17. Bf3 Qd6 18. Re1 Rfe8 19. Qb3 Bc6 20. h3 Re6 21. Rxe6
Qxe6 22. Qe3 Re8 23. Re1 Qxe3 24. Rxe3 Rxe3 25. fxe3 f6 26. Kf2 Kf7 27. Ke2 Ke6
28. Kd2 Kd6 29. Kc3 Bb5 30. Kb4 Bd3 31. g3 h6 32. Bg4 Be4 33. a4 Kc6 34. a5 g6
35. h4 f5 36. Bd1 g5 37. Ba4+ Kd6 38. hxg5 hxg5 39. Be8 Bb1 40. Kc3 Be4 41. b4
g4 42. b5 axb5 43. Kb4 Bd3 44. Bxb5 Be4 45. Be8 Bd3 46. Bb5 Be4 47. a6 bxa6 48.
Bxa6 Kc6 49. Ka5 Bb1 50. Bb5+ Kb7 51. Be8 Kc7 52. Kb5 Kd6 53. Kb6 Bd3 54. Kb7
Bc4 55. Kc8 Ba6+ 56. Kd8 Bb7 57. Bd7 Ba6 58. Bxf5 Be2 59. Bd7 Bf3 60. Ke8 Kc7
61. Ke7 Kb6 62. Kd6 {Black resigns} 1-0

[Event "Team 45 45 League T62"]
[Site "Internet Chess Club"]
[Date "2014.09.06"]
[Round "2"]
[White "DARKwizard1"]
[Black "SlimeDog2"]
[Result "1-0"]
[WhiteElo "2065"]
[BlackElo "2013"]
[Opening "Grünfeld: 5.e3"]
[ECO "D94"]
[Time "21:11:24"]
[TimeControl "2700+45"]

1. d4 Nf6 2. c4 g6 3. Nc3 d5 4. Nf3 Bg7 5. e3 O-O 6. Be2 b6 7. O-O Bb7 8. cxd5
Nxd5 9. Bd3 Nd7 10. e4 Nxc3 11. bxc3 c5 12. Be3 Qc7 13. Rc1 f5 14. exf5 gxf5 15.
Ng5 c4 16. Bc2 Qc6 17. f3 e6 18. Qe1 Nf6 19. Bd2 Rae8 20. Qh4 h6 21. Nh3 Kh7 22.
Rce1 Nd5 23. g4 Rf6 24. Qh5 Ref8 25. Re5 Ne7 26. Bg5 Ng6 27. Bxf6 Rxf6 28. Re2
Qd6 29. g5 Rf8 30. gxh6 {Black resigns} 1-0

[Event "Team 45 45 League T62"]
[Site "Internet Chess Club"]
[Date "2014.09.06"]
[Round "2"]
[White "sharky123"]
[Black "LittleButton"]
[Result "0-1"]
[WhiteElo "1760"]
[BlackElo "1930"]
[Opening "Sicilian: dragon, Yugoslav attack, 9.Bc4"]
[ECO "B77"]
[Time "06:32:37"]
[TimeControl "2700+45"]

1. e4 c5 2. Nf3 d6 3. d4 cxd4 4. Nxd4 Nf6 5. Nc3 g6 6. Be3 Bg7 7. f3 Nc6 8. Qd2
O-O 9. Bc4 Nd7 10. h4 Nb6 11. Bb3 Na5 12. Qd3 Bd7 13. g4 Rc8 14. h5 Nbc4 15.
O-O-O Nxe3 16. Qxe3 Nxb3+ 17. axb3 Qa5 18. hxg6 fxg6 19. Qf2 Qa1+ 20. Nb1 Bxg4
21. Qh4 Bh5 22. Qh3 Bh6+ 23. Rd2 Bxd2+ 24. Kxd2 Qxb2 25. Ke3 Rc3+ 26. Kd2 Rfxf3
27. Qe6+ Kh8 28. Rc1 Rfd3+ 29. Ke1 Qxc1+ 30. Kf2 Rxc2+ 31. Nd2 Rcxd2+ 32. Ne2
Rxe2# {White checkmated} 0-1

[Event "Team 45 45 League T62"]
[Site "Internet Chess Club"]
[Date "2014.09.07"]
[Round "2"]
[White "chessjav"]
[Black "Holzschlange"]
[Result "1-0"]
[WhiteElo "1891"]
[BlackElo "1796"]
[Opening "Queen's pawn game"]
[ECO "D02"]
[Time "11:01:28"]
[TimeControl "2700+45"]

1. d4 d5 2. Nf3 e6 3. c4 c5 4. Nc3 cxd4 5. Nxd4 e5 6. Ndb5 d4 7. Nd5 Na6 8. e4
Bd7 9. Qh5 Qb8 10. c5 g6 11. Nbc7+ Nxc7 12. Qxe5+ Ne6 13. Qxh8 Ne7 14. Nf6+ Kd8
15. Bc4 Kc7 16. Bxe6 {Black resigns} 1-0